 Dungeon Crawl Stone Soup version 0.30-a0-475-g03497ec522 (webtiles) character file.

Game seed: 1384637610637787533

100 greenreed the Digger (level 4, -3/24 HPs)
             Began as a Gargoyle Earth Elementalist on Dec 20, 2022.
             Killed from afar by Sigmund (7 damage)
             ... with a magic dart
             ... on level 2 of the Dungeon.
             The game lasted 00:02:38 (1508 turns).

greenreed the Digger (Gargoyle Earth Elementalist)  Turns: 1508, Time: 00:02:39

Health: -3/24      AC:  5    Str: 11    XL:     4   Next: 74%
Magic:  4/8        EV: 12    Int: 18    God:
Gold:   165        SH:  0    Dex: 10    Spells: 8/9 levels left

rFire   . . .      SeeInvis .    (no weapon)
rCold   . . .      Faith    .    (no shield)
rNeg    + . .      Spirit   .    a - +0 robe
rPois   ∞          Reflect  .    (no helmet)
rElec   +          Harm     .    (no cloak)
rCorr   .          Rampage  .    (no gloves)
Will    .....                    (no boots)
Stlth   ++........               (no amulet)
HPRegen 0.24/turn                (no ring)
MPRegen 0.11/turn                (no ring)

@: no status effects
A: sickness immunity, AC +3, negative energy resistance 1, electricity
resistance, torment resistance 1, petrification resistance
a: no special abilities


You were on level 2 of the Dungeon.
You visited 1 branch of the dungeon, and saw 2 of its levels.

You collected 165 gold pieces.

Inventory:

Missiles
 k - a throwing net
Armour
 a - a +0 robe (worn)
Scrolls
 d - 2 scrolls of identify {unknown}
 e - a scroll of enchant weapon {unknown}
 f - a scroll of fear {unknown}
 h - a scroll of noise {unknown}
 i - a scroll of summoning {unknown}
Potions
 b - a potion of magic
 c - a potion of ambrosia {unknown}
 g - a potion of degeneration {unknown}
 j - a potion of curing {unknown}
 l - a potion of mutation {unknown}


   Skills:
 + Level 1.8 Dodging
 + Level 2.2 Stealth
 * Level 3.1 Spellcasting
 + Level 0.8 Transmutations
 * Level 5.2 Earth Magic


You had 8 spell levels left.
You knew the following spells:

 Your Spells              Type           Power      Damage    Failure   Level
a - Sandblast             Erth           42%        2d11      1%          1

Your spell library contained the following spells:

 Spells                   Type           Power      Damage    Failure   Level
 Passwall                 Tmut/Erth      10%        N/A       7%          2
 Stone Arrow              Conj/Erth      24%        3d8       17%         3
 Petrify                  Tmut/Erth      13%        N/A       41%         4
 Call Canine Familiar     Summ           2%         N/A       43%         3
 Portal Projectile        Hex/Tloc       4%         N/A       43%         3
 Leda's Liquefaction      Hex/Erth       6%         N/A       50%         4


Dungeon Overview and Level Annotations

Branches:
Dungeon (2/15)

Altars:

Annotations:
D:2 Sigmund


Innate Abilities, Weirdness & Mutations

You are immune to sickness and miasma.
Your stone body is resilient. (AC +3)
You are immune to poison.
You resist negative energy. (rN+)
You are resistant to electric shocks. (rElec)
You are resistant to unholy torment.
You are immune to petrification.


Message History

Sigmund barely misses you.
Casting: Sandblast (safe; 1% risk of failure)
Confirm with . or Enter, or press ? or * to list all spells.
Aiming: Sandblast (safe; 1% risk of failure)
Press: ? - help, Shift-Dir - straight line, f/p - Sigmund
Aim: Sigmund, wielding a +3 scythe of protection and wearing a +0 robe (heavily wounded, 81% to hit)
The blast of sand hits Sigmund but does no damage.
Sigmund is heavily wounded.
Sigmund casts a spell at you. The puff of flame hits you.
* * * LOW HITPOINT WARNING * * *
Casting: Sandblast (safe; 1% risk of failure)
Confirm with . or Enter, or press ? or * to list all spells.
Aiming: Sandblast (safe; 1% risk of failure)
Press: ? - help, Shift-Dir - straight line, f/p - Sigmund
Aim: Sigmund, wielding a +3 scythe of protection and wearing a +0 robe (heavily wounded, 81% to hit)
The blast of sand hits Sigmund.
Sigmund is severely wounded.
Sigmund barely misses you.
Casting: Sandblast (safe; 1% risk of failure)
Confirm with . or Enter, or press ? or * to list all spells.
Aiming: Sandblast (safe; 1% risk of failure)
Press: ? - help, Shift-Dir - straight line, f/p - Sigmund
Aim: Sigmund, wielding a +3 scythe of protection and wearing a +0 robe (severely wounded, 81% to hit)
The blast of sand hits Sigmund.
Sigmund is almost dead.
Sigmund casts a spell.
Sigmund flickers and vanishes!
Deactivating autopickup; reactivate with Ctrl-A.
You hear some strange, mumbled words.
Something tries to affect you, but you resist.
Something tries to affect you, but you resist.
You see here a +0 whip.
A puff of flame appears from out of thin air!
The puff of flame hits you!
* * * LOW HITPOINT WARNING * * *
Something tries to affect you, but you resist.
A magic dart appears from out of thin air!
The magic dart hits you!
You die...

#..# #............ ##.#
#............ .#.#
############. .#.# #. ..)#
#. ...# #. ...# #.
...#######################
#.
##.......{......@........#
#.
#######################.#
#. #.# #. #.# #. #.# #.
#.# #. #.# #. #.#######.
#.........


There were no monsters in sight!

Vanquished Creatures
  Jessica (D:2)
  4 gnolls (D:2)
  A worm (D:2)
  A dart slug (D:1)
  2 endoplasms
  A giant cockroach (D:1)
  2 hobgoblins (D:1)
  A quokka (D:2)
  3 ball pythons
  4 bats
  3 frilled lizards (D:1)
  6 goblins
  2 kobolds (D:2)
  4 rats (D:1)
35 creatures vanquished.

Notes
Turn   | Place    | Note
-------+----------+-------------------------------------------
     0 | D:1      | greenreed the Gargoyle Earth Elementalist began the quest
                  | for the Orb.
     0 | D:1      | Reached XP level 1. HP: 10/10 MP: 3/3
   274 | D:1      | Reached XP level 2. HP: 15/15 MP: 1/5
   563 | D:1      | Reached skill level 4 in Earth Magic
  1073 | D:2      | Noticed Jessica
  1074 | D:2      | Reached XP level 3. HP: 19/19 MP: 2/6
  1118 | D:2      | Killed Jessica
  1119 | D:2      | Reached XP level 4. HP: 15/24 MP: 2/8
  1231 | D:2      | Reached skill level 5 in Earth Magic
  1475 | D:2      | Noticed Sigmund
  1508 | D:2      | Killed from afar by Sigmund

Illustrated notes

Levels and vault maps discovered:
D:1:      dpeg_arrival_tiny_a, layout_basic
D:2:      layout_basic, nrook_mini_backslash, uniq_sigmund, uniq_jessica

Skill      XL: |  1  2  3  4 |
---------------+-------------+-----
Earth Magic    | 4 5 |  5.2
Spellcasting   | 3 |  3.1
Dodging        | |  1.8
Stealth        | |  2.2
Transmutations | |  0.8

Action                   |  1- 3 |  4- 6 || total
-------------------------+-------+-------++-------
Melee: Unarmed           |     1 |       ||     1
 Cast: Sandblast         |    38 |    23 ||    61
Armor: Robe              |     2 |       ||     2
Dodge: Dodged            |     3 |     8 ||    11

Table legend: (Time is in decaauts)
 A = Elapsed time spent in this place.
 B = Non-inter-level travel time spent in this place.
 C = Inter-level travel time spent in this place.
 D = Time resting spent in this place.
 E = Time spent auto-exploring this place.
 F = Levels seen in this place.
 G = Mean time per level.
                   A        B        C        D        E       F      G
               +--------+--------+--------+--------+--------+-----+--------+
         Total |   1538 |   1526 |     12 |      0 |   1255 |   2 |  769.0 |
       Dungeon |   1538 |   1526 |     12 |      0 |   1255 |   2 |  769.0 |
               +--------+--------+--------+--------+--------+-----+--------+

Top non-repeatable levels by time:
     D:1: 953 daAuts
     D:2: 584 daAuts
